AoeStats
← Hobzo von Malowitz

Arabia

508971741Analyzed
3v3 RM · 8d ago on Sep 24, 2026· 32m 44s· 6 players
Game mode
Random Map
Map size
Normal (6 player)
Population
200
Speed
Normal
Resources
Standard
Victory
Conquest
Starting age
Dark Age
Ending age
Imperial Age
RankedLock teamsTeams togetherTeam positionsShared explorationLock speedFull tech treeHidden civsTurbo modeCheats
Victory
Defeat
🇨🇿 Mongols · Czechia
936
+11
🇸🇰 Byzantines · Slovakia
895
+13
🇨🇿 Mongols · Czechia
827
+17
🇦🇷 Mongols · Argentina
825
-13
🇪🇸 Khmer · Spain
820
-13
🇪🇸 Khmer · Spain
811
-13
miniopepotes98
13:39 Feudal Age
17:24 Castle Age
15:38 Double-Bit Axe
16:53 Bloodlines
18:15 Bow Saw
27:53 Imperial Age
25:40 Horse Collar
27:15 Heavy Plow
30:45 Wheelbarrow
vacaLechada7
15:37 Feudal Age
18:37 Castle Age
16:24 Double-Bit Axe
16:23 Horse Collar
19:38 Heavy Plow
19:51 Bow Saw
19:35 Gold Mining
20:41 Bloodlines
22:16 Stone Mining
24:11 Scale Barding Armor
24:58 Stone Shaft Mining
25:00 Gold Shaft Mining
25:20 Forging
28:20 Loom
tasiopicollo
6:16 Loom
9:29 Feudal Age
9:59 Double-Bit Axe
14:22 Horse Collar
18:11 Fletching
21:46 Castle Age
20:57 Gold Mining
21:06 Stone Mining
26:53 Gold Shaft Mining
26:35 Bodkin Arrow
27:35 Pikeman
33:13 Padded Archer Armor
PASTIKA
4:07 Loom
9:46 Feudal Age
12:03 Double-Bit Axe
13:28 Horse Collar
20:18 Castle Age
18:54 Scale Mail Armor
21:00 Wheelbarrow
20:48 Pikeman
22:23 Forging
23:11 Chain Mail Armor
25:34 Squires
27:48 Hand Cart
29:00 Iron Casting
30:43 Husbandry
30:55 Bloodlines
30:50 Town Watch
33:02 Scale Barding Armor
Marecek
7:21 Loom
9:32 Feudal Age
10:36 Double-Bit Axe
10:32 Horse Collar
16:18 Wheelbarrow
16:23 Wheelbarrow
20:04 Castle Age
20:55 Scale Barding Armor
21:01 Forging
20:54 Scale Mail Armor
20:49 Fletching
21:00 Padded Archer Armor
21:40 Bow Saw
21:31 Heavy Plow
21:31 Gold Mining
22:21 Husbandry
23:02 Pikeman
25:29 Forging
25:36 Leather Archer Armor
28:14 Elite Skirmisher
31:00 Scale Barding Armor
31:20 Bodkin Arrow
Hobzo von Malowitz
7:20 Loom
9:52 Feudal Age
21:48 Forging
21:39 Scale Mail Armor
26:13 Castle Age
25:41 Bloodlines
25:57 Double-Bit Axe
28:21 Forging
28:01 Fletching
28:13 Padded Archer Armor
28:19 Scale Barding Armor
28:16 Scale Mail Armor
29:53 Thumb Ring
31:16 Pikeman
31:56 Squires
Connection lost

Rejoining the realm…

Still unreachable

The connection could not be restored.

Session expired

The server has moved on; the page needs a fresh start.